 Dungeon Crawl Stone Soup version 0.27-a0-1557-g57f10a385c (webtiles) character file.

Game seed: 12295145755160011727

15 DocClef the Covert (level 2, -9/29 HPs)
             Began as a Gnoll Delver on July 15, 2021.
             Mangled by a mummy (13 damage)
             ... in an ossuary.
             The game lasted 00:00:30 (222 turns).

DocClef the Covert (Gnoll Delver)                    Turns: 222, Time: 00:00:30

Health: -9/29      AC:  3    Str: 11    XL:     2   Next: 50%
Magic:  2/2        EV: 13    Int:  9    God:
Gold:   0          SH:  0    Dex: 13    Spells: 1/1 levels left

rFire    . . .     SeeInvis .   a - +0 short sword
rCold    . . .     Faith    .   (no shield)
rNeg     . . .     Spirit   .   b - +0 leather armour
rPois    .         Reflect  .   (no helmet)
rElec    .         Harm     .   (no cloak)
rCorr    .         Rampage  .   (no gloves)
Will     .....                  (no boots)
Stlth    ++++......             (no amulet)
HPRegen  0.09/turn              (no ring)
MPRegen  0.08/turn              (no ring)

@: no status effects
A: fangs 1, strong nose, distributed training
a: no special abilities


You were in an ossuary.
You visited 1 branch of the dungeon, and saw 1 of its levels.
You also visited: Ossuary.

Inventory:

Hand Weapons
 a - a +0 short sword (weapon)
Armour
 b - a +0 leather armour (worn)
Wands
 g - a wand of digging (3)
Scrolls
 c - a scroll of fog
 e - a scroll of fear
Potions
 f - a potion of haste


   Skills:
 + Level 6.5 Fighting
 + Level 4.5 Short Blades
 + Level 0.4 Long Blades
 + Level 0.4 Axes
 + Level 0.4 Maces & Flails
 + Level 0.4 Polearms
 + Level 0.4 Staves
 + Level 0.4 Slings
 + Level 0.4 Bows
 + Level 0.4 Crossbows
 + Level 0.4 Throwing
 + Level 0.4 Armour
 + Level 4.5 Dodging
 + Level 9.5 Stealth
 + Level 0.4 Shields
 + Level 0.4 Unarmed Combat
 + Level 0.4 Spellcasting
 + Level 0.2 Conjurations
 + Level 0.2 Hexes
 + Level 0.2 Summonings
 + Level 0.2 Necromancy
 + Level 0.2 Translocations
 + Level 0.2 Transmutations
 + Level 0.2 Fire Magic
 + Level 0.2 Ice Magic
 + Level 0.2 Air Magic
 + Level 0.2 Earth Magic
 + Level 0.2 Poison Magic
 + Level 0.5 Invocations
 + Level 0.4 Evocations


You had one spell level left.
You didn't know any spells.
Your spell library was empty.

Dungeon Overview and Level Annotations

Branches:
Dungeon (5/15)            Ossuary (1/1)
 Temple: D:4-7

Altars:


Innate Abilities, Weirdness & Mutations

You have very sharp teeth.
Your uncanny sense of smell can sniff out nearby items.
Your experience applies equally to all skills.


Message History

You are too injured to fight recklessly!
You are too injured to fight recklessly!
You are too injured to fight recklessly!
You are too injured to fight recklessly!
You are too injured to fight recklessly!
You are too injured to fight recklessly!
You are too injured to fight recklessly!
You are too injured to fight recklessly!
You barely miss the hobgoblin zombie. You puncture the hobgoblin zombie!
The hobgoblin zombie is almost destroyed.
The hobgoblin zombie barely misses you.
You hit the hobgoblin zombie.
You destroy the hobgoblin zombie!
You hit the mummy.
The mummy is moderately damaged.
You hit the mummy.
The mummy is moderately damaged.
The mummy hits you.
* * * LOW HITPOINT WARNING * * *
You hit the mummy but do no damage.
The mummy is moderately damaged.
You barely miss the mummy.
The mummy is moderately damaged.
The mummy hits you.
* * * LOW HITPOINT WARNING * * *
You hit the mummy but do no damage.
The mummy is moderately damaged.
You hit the mummy.
The mummy is heavily damaged.
The mummy barely misses you.
You hit the mummy but do no damage.
The mummy is heavily damaged.
You hit the mummy. Your bite misses the mummy.
The mummy is heavily damaged.
The mummy hits you but does no damage.
You hit the mummy.
The mummy is almost destroyed.
The mummy hits you!
You die...

######################
#....................#
#....................#
#........8..8........#
#....................#
#...######^.######...#
#...# ∆∆∆#^.#.ZM.#...#
#...# ∆∆#.^#..#@#...#
#...#.####^.####.#...#
#...#............#...#
#...#.####.......#...#
#...# #.......#...#
#...# #.......#...#
#...# #.∩.....#...#
#...# .....+####...#
#...# ###...# #...#


You could see a mummy and a kobold zombie.

Vanquished Creatures
  4 hobgoblin zombies (Ossuary)
  10 kobold zombies (Ossuary)
  8 orc zombies (Ossuary)
22 creatures vanquished.

Notes
Turn   | Place    | Note
-------+----------+-------------------------------------------
     0 | D:5      | Reached skill level 9 in Stealth
     0 | D:5      | DocClef the Gnoll Delver began the quest for the Orb.
     0 | D:5      | Reached XP level 1. HP: 23/23 MP: 1/1
    20 | D:5      | Found a sand-covered staircase.
    27 | Ossuary  | Entered an ossuary
    85 | Ossuary  | Reached XP level 2. HP: 29/29 MP: 2/2
   222 | Ossuary  | Mangled by a mummy

Illustrated notes

Levels and vault maps discovered:
D:5:      cheibrodos_fzero, layout_loops_corners, chequers_ossuary_entry_cave,
          uniq_eustachio
Ossuary:  ossuary_tomb_1

Skill      XL: | |
---------------+-+-----
Stealth        | |  9.5
Fighting       | |  6.5
Short Blades   | |  4.5
Long Blades    | |  0.4
Axes           | |  0.4
Maces & Flails | |  0.4
Polearms       | |  0.4
Staves         | |  0.4
Slings         | |  0.4
Bows           | |  0.4
Crossbows      | |  0.4
Throwing       | |  0.4
Armour         | |  0.4
Dodging        | |  4.5
Shields        | |  0.4
Unarmed Combat | |  0.4
Spellcasting   | |  0.4
Conjurations   | |  0.2
Hexes          | |  0.2
Summonings     | |  0.2
Necromancy     | |  0.2
Translocations | |  0.2
Transmutations | |  0.2
Fire Magic     | |  0.2
Ice Magic      | |  0.2
Air Magic      | |  0.2
Earth Magic    | |  0.2
Poison Magic   | |  0.2
Invocations    | |  0.5
Evocations     | |  0.4

Action                   || total
-------------------------++-------
Melee: Short sword       ||    85
       Bite              ||     6
  Use: Scroll            ||     1
 Stab: Sleeping          ||     1
Armor: Leather armour    ||    18
Dodge: Dodged            ||    40

Table legend: (Time is in decaauts)
 A = Elapsed time spent in this place.
 B = Non-inter-level travel time spent in this place.
 C = Inter-level travel time spent in this place.
 D = Time resting spent in this place.
 E = Time spent auto-exploring this place.
 F = Levels seen in this place.
 G = Mean time per level.
                   A        B        C        D        E       F      G
               +--------+--------+--------+--------+--------+-----+--------+
         Total |    211 |    211 |      0 |      0 |     52 |   2 |  105.5 |
       Dungeon |     27 |     27 |      0 |      0 |      0 |   1 |   27.0 |
       Ossuary |    184 |    184 |      0 |      0 |     52 |   1 |  184.0 |
               +--------+--------+--------+--------+--------+-----+--------+

Top non-repeatable levels by time:
 Ossuary: 184 daAuts
     D:5: 27 daAuts
